 Dungeon Crawl Stone Soup version 0.27-a0-404-g4390dbc5be (webtiles) character file.

Game seed: 17973824364662101150

18901 Nattfarinn the Martial Artist (level 12, -1/110 HPs)
             Began as a Gnoll Transmuter on Feb 22, 2021.
             Was a Believer of Ashenzari.
             Slain by a black mamba (10 damage)
             ... on level 3 of the Lair of Beasts.
             The game lasted 00:48:46 (18397 turns).

Nattfarinn the Martial Artist (Gnoll Transmuter)   Turns: 18397, Time: 00:48:47

Health: -1/110     AC: 12    Str:  9    XL:     12   Next: 63%
Magic:  20/25      EV: 14    Int: 23    God:    Ashenzari [**....]
Gold:   1026       SH:  0    Dex: 14    Spells: 11/29 levels left

rFire    x . .     SeeInvis .     - Unarmed
rCold    + + +     Faith    +   (shield currently unavailable)
rNeg     . . .     Spirit   .   (armour currently unavailable)
rPois    +         Reflect  .   (helmet currently unavailable)
rElec    .         Harm     .   (cloak currently unavailable)
rCorr    .         Rampage  .   (gloves currently unavailable)
Will     .....                  (boots currently unavailable)
Stlth    ++++......             J - amulet of faith (curse)
HPRegen  0.28/turn              k - +4 ring of protection (curse)
MPRegen  0.19/turn              F - +6 ring of intelligence (curse)

@: ice-form
A: large, distributed training, strong nose
a: End Transformation, Renounce Religion, Curse Item, Scrying


You were on level 3 of the Lair of Beasts.
You worshipped Ashenzari.
Ashenzari was pleased with you.
You were a creature of crystalline ice.
You visited 3 branches of the dungeon, and saw 15 of its levels.
You also visited: Ossuary.

You collected 1026 gold pieces.

Inventory:

Hand Weapons
 y - a +1 short sword of venom
Missiles
 j - 7 silver javelins
Armour
 o - a +0 leather armour of willpower
 G - a cursed +2 helmet (melded)
 K - +0 swamp dragon scales (melded)
 L - a +0 cloak (melded)
Jewellery
 a - a ring of positive energy
 k - a cursed +4 ring of protection (left front paw)
 n - a ring of see invisible
 D - a ring of poison resistance
 F - a cursed +6 ring of intelligence (right front paw)
 I - a ring of willpower
 J - a cursed amulet of faith (around neck)
Wands
 i - a wand of random effects (5)
 l - a wand of polymorph (6)
 u - a wand of digging (6)
 x - a wand of flame (16)
 E - a wand of acid (1)
Scrolls
 b - a scroll of fear
 c - 3 scrolls of immolation
 d - 8 scrolls of identify
 e - 6 scrolls of teleportation
 h - 6 scrolls of amnesia
 q - 4 scrolls of enchant weapon
 r - 2 scrolls of fog
 v - a scroll of torment
Potions
 f - 4 potions of haste
 m - 4 potions of berserk rage
 p - a potion of magic
 s - a potion of might
 t - a potion of mutation
 w - a potion of ambrosia
 z - a potion of curing
 A - 6 potions of flight
 B - 3 potions of attraction
 C - 6 potions of brilliance
 H - 3 potions of lignification


   Skills:
 + Level 8.0 Fighting
 + Level 7.4 Short Blades
 + Level 7.4 Long Blades
 + Level 7.4 Axes
 + Level 7.4 Maces & Flails
 + Level 7.4 Polearms
 + Level 7.4 Staves
 + Level 7.4 Slings
 + Level 7.4 Bows
 + Level 7.4 Crossbows
 + Level 7.4 Throwing
 + Level 7.4 Armour
 + Level 8.8 Dodging
 + Level 7.4 Stealth
 + Level 7.4 Shields
 + Level 10.0 Unarmed Combat
 + Level 9.1 Spellcasting
 + Level 6.2(8.5) Conjurations
 + Level 6.2(8.5) Hexes
 + Level 6.2(8.5) Summonings
 + Level 6.2(8.5) Necromancy
 + Level 6.2(8.5) Translocations
 + Level 7.3(9.7) Transmutations
 + Level 6.2(8.5) Fire Magic
 + Level 6.2(8.5) Ice Magic
 + Level 6.2(8.5) Air Magic
 + Level 6.2(8.5) Earth Magic
 + Level 6.2(8.5) Poison Magic
 + Level 8.2 Invocations
 + Level 7.4(9.8) Evocations


You had 11 spell levels left.
You knew the following spells:

 Your Spells              Type           Power        Failure   Level
a - Beastly Appendage     Tmut           100%         1%          1
b - Spider Form           Tmut/Pois      25%          1%          3
c - Borgnjor's Vile Clut  Necr/Erth      24%          4%          5
d - Ice Form              Ice/Tmut       51%          1%          4
e - Blade Hands           Tmut           26%          3%          5

Your spell library contained the following spells:

 Spells                   Type           Power        Failure   Level
 Animate Skeleton         Necr           98%          1%          1
 Apportation              Tloc           98%          1%          1
 Pain                     Necr           100%         1%          1
 Wereblood                Tmut           53%          1%          2
 Lesser Beckoning         Tloc           24%          1%          3
 Tukima's Dance           Hex            49%          1%          3
 Vampiric Draining        Necr           24%          1%          3
 Animate Dead             Necr           24%          1%          4
 Petrify                  Tmut/Erth      51%          1%          4
 Agony                    Necr           49%          4%          5
 Alistair's Intoxication  Tmut/Pois      34%          4%          5
 Death Channel            Necr           24%          28%         6
 Invisibility             Hex            49%          28%         6
 Simulacrum               Ice/Necr       24%          28%         6


Dungeon Overview and Level Annotations

Branches:
Dungeon (11/15)            Temple (1/1) D:5            Lair (3/6) D:10
  Snake (0/4) Lair:3          Orc (0/2) D:9         Ossuary (visited)
  Swamp: Lair:2-4    Shoals: Lair:2-4

Altars:
Ashenzari
Cheibriados
Fedhas
Gozag
Hepliaklqana
Kikubaaqudgha
Makhleb
Nemelex Xobeh
Ru
Trog
Uskayaw
Vehumet
Xom
Yredelemnul
Zin
Beogh

Shops:
D:5 [   D:6 (   D:7 (

Annotations:
D:5 1 runed translucent door, Thargor's ghost, amateur MiFi


Innate Abilities, Weirdness & Mutations

Your experience applies equally to all skills.
((You have very sharp teeth.))
Your uncanny sense of smell can sniff out nearby items.


Message History

The flash freeze hits you! You partially resist.
* * * LOW HITPOINT WARNING * * *
You are encased in ice.
Blink to where?
Press: ? - help, Dir - move target, p - rime drake The zombie hands lose their grip on something.
As you read the scroll of blinking, it crumbles to dust.
Unknown command.
You are confused.
You feel invigorated. The ice encasing you melts away.
You closely miss the black mamba.
The black mamba is heavily wounded.
The black mamba barely misses you. The black mamba bites you!
* * * LOW HITPOINT WARNING * * *
The rime drake breathes ice at you. The flash freeze misses you.
The black mamba bites you.
* * * LOW HITPOINT WARNING * * *
You feel better.
You feel less invigorated. The black mamba bites you.
* * * LOW HITPOINT WARNING * * *
The black mamba bites you but does no damage.
The rime drake breathes ice at you. The flash freeze misses you.
Casting: Borgnjor's Vile Clutch (dangerous; 4% risk of failure)
Confirm with . or Enter, or press ? or * to list all spells.
Aiming: Borgnjor's Vile Clutch (dangerous; 4% risk of failure)
Press: ? - help, Shift-Dir - straight line, f - rime drake
Aim: a rime drake (severely wounded, catching its breath, 0% to evade) Zombie hands grab the rime drake.
The zombie hands constrict the rime drake!
The black mamba bites you!
* * * LOW HITPOINT WARNING * * *
The black mamba bites you.
* * * LOW HITPOINT WARNING * * *
The rime drake struggles to escape constriction.
You feel better.
The zombie hands constrict the rime drake.
You kill the rime drake!
The black mamba bites you!
You die...

#.##.#.#####....# *......
.......P# #.....# ### ##.....
........# #.....######.####......
.......## ##.....#..#.#.#.#......
.......#* #P.......[.............
........# #...............k......
........###......................
................S..†.............
########P..P.#.#Y####.#.####..#.#
# ##.####### ##### ###### ##*


You could see a black mamba.

Vanquished Creatures
  2 hydras (Lair:1)
  Harold (D:8)
  A boulder beetle (Lair:3)
  A two-headed ogre (D:11)
  Nergalle (Lair:2)
  4 black mambas
  Maggie (Lair:2)
  3 cane toads
  A rime drake (Lair:3)
  A gargoyle (D:10)
  3 komodo dragons
  A troll (D:10)
  A polar bear (Lair:2)
  4 blink frogs (Lair:2)
  2 wyverns
  12 yaks
  4 basilisks
  Eustachio (D:5)
  Edmund (D:4)
  4 nagas (Lair:3)
  9 water moccasins
  5 black bears
  2 orc warriors (D:10)
  3 ice beasts
  6 wolves
  6 ogres
  A necrophage (D:7)
  3 centaurs
  3 phantoms
  2 kobold brigands
  7 bullfrogs
  5 scorpions
  2 water moccasin skeletons
  10 killer bees
  5 wights (D:10)
  8 howler monkeys
  An electric eel (Lair:2)
  8 hounds
  A quasit (D:10)
  2 centaur zombies
  2 jellies
  A centaur skeleton (D:9)
  11 orc priests
  2 bullfrog skeletons
  Ijyb (D:3)
  4 iguanas
  13 orc wizards
  4 worker ants
  A hound zombie (D:6)
  8 mummies (Ossuary)
  2 worker ant zombies (D:8)
  Robin (D:4)
  12 adders
  4 shadow imps
  6 white imps
  2 ufetubi
  4 oozes
  An adder zombie (D:6)
  An adder skeleton (D:3)
  4 worms
  A dart slug (D:3)
  8 leopard geckos
  43 orcs
  4 giant cockroaches
  A gnoll zombie (Ossuary)
  20 goblins
  12 hobgoblins
  10 jackals
  3 quokkas
  2 ball pythons
  10 bats
  6 frilled lizards
  3 hobgoblin zombies (Ossuary)
  19 kobolds
  2 kobold zombies (Ossuary)
  A leopard gecko skeleton (D:6)
  2 orc zombies (Ossuary)
  6 rats
375 creatures vanquished.

Vanquished Creatures (others)
  An adder zombie (D:5)
  An orc (D:5)
  11 fungi
  13 plants
  4 toadstools (D:5)
  5 withered plants (D:6)
35 creatures vanquished.

Grand Total: 410 creatures vanquished

Notes
Turn   | Place    | Note
-------+----------+-------------------------------------------
     0 | D:1      | Nattfarinn the Gnoll Transmuter began the quest for the
                  | Orb.
     0 | D:1      | Reached XP level 1. HP: 17/17 MP: 6/6
   257 | D:1      | Reached XP level 2. HP: 21/23 MP: 5/7
  1254 | D:1      | Reached XP level 3. HP: 25/28 MP: 7/9
  1343 | D:2      | Reached skill level 5 in Spellcasting
  1426 | D:2      | Learned a level 3 spell: Spider Form
  1525 | D:2      | Reached skill level 1 in Invocations
  1601 | D:2      | Reached skill level 1 in Short Blades
  1601 | D:2      | Reached skill level 1 in Long Blades
  1601 | D:2      | Reached skill level 1 in Axes
  1601 | D:2      | Reached skill level 1 in Maces & Flails
  1601 | D:2      | Reached skill level 1 in Polearms
  1601 | D:2      | Reached skill level 1 in Staves
  1601 | D:2      | Reached skill level 1 in Slings
  1601 | D:2      | Reached skill level 1 in Bows
  1601 | D:2      | Reached skill level 1 in Crossbows
  1601 | D:2      | Reached skill level 1 in Throwing
  1601 | D:2      | Reached skill level 1 in Armour
  1601 | D:2      | Reached skill level 1 in Stealth
  1601 | D:2      | Reached skill level 1 in Shields
  1601 | D:2      | Reached skill level 1 in Evocations
  1723 | D:2      | Reached XP level 4. HP: 34/34 MP: 7/11
  2395 | D:3      | Reached skill level 1 in Conjurations
  2395 | D:3      | Reached skill level 1 in Hexes
  2395 | D:3      | Reached skill level 1 in Summonings
  2395 | D:3      | Reached skill level 1 in Necromancy
  2395 | D:3      | Reached skill level 1 in Translocations
  2395 | D:3      | Reached skill level 1 in Fire Magic
  2395 | D:3      | Reached skill level 1 in Ice Magic
  2395 | D:3      | Reached skill level 1 in Air Magic
  2395 | D:3      | Reached skill level 1 in Earth Magic
  2395 | D:3      | Reached skill level 1 in Poison Magic
  2595 | D:3      | Reached XP level 5. HP: 29/40 MP: 6/12
  2971 | D:3      | Found an opulent altar of Gozag.
  3138 | D:3      | Reached XP level 6. HP: 33/47 MP: 11/13
  3424 | D:3      | Reached skill level 5 in Dodging
  3471 | D:3      | Found a blossoming altar of Fedhas.
  3515 | D:3      | Noticed Ijyb
  3524 | D:3      | Killed Ijyb
  3704 | D:3      | Found a snail-covered altar of Cheibriados.
  4074 | D:4      | Found a sparkling altar of Nemelex Xobeh.
  4182 | D:4      | Noticed Robin
  4198 | D:4      | Killed Robin
  4282 | D:4      | Found a sacrificial altar of Ru.
  4578 | D:4      | Noticed Edmund
  4591 | D:4      | Killed Edmund
  4592 | D:4      | Reached skill level 7 in Unarmed Combat
  4592 | D:4      | Reached XP level 7. HP: 33/52 MP: 12/15
  5093 | D:5      | Entered Level 5 of the Dungeon
  5117 | D:5      | Found Buskenar's Armour Shop.
  5123 | D:5      | Found a runed translucent door.
  5125 | D:5      | Noticed Thargor's ghost (amateur MiFi)
  5280 | D:5      | Found a radiant altar of Vehumet.
  5801 | D:5      | Found a shimmering altar of Xom.
  5890 | D:5      | Reached XP level 8. HP: 60/60 MP: 12/16
  5926 | D:5      | Noticed Eustachio
  5953 | D:5      | Killed Eustachio
  6260 | D:5      | Found a staircase to the Ecumenical Temple.
  6361 | D:5      | Found a glowing silver altar of Zin.
  6987 | D:6      | Found a hazy altar of Hepliaklqana.
  7048 | D:6      | Found Zugym's Antique Weapon Emporium.
  7302 | D:6      | Found a sand-covered staircase.
  7307 | Ossuary  | Entered an ossuary
  7815 | D:6      | Reached skill level 5 in Transmutations
  7815 | D:6      | Reached XP level 9. HP: 66/66 MP: 18/18
  7826 | D:6      | Found an ancient bone altar of Kikubaaqudgha.
  7827 | D:6      | Found a basalt altar of Yredelemnul.
  8097 | D:6      | Learned a level 5 spell: Borgnjor's Vile Clutch
  8398 | D:7      | Reached skill level 5 in Fighting
  8574 | D:7      | Found Zevier's Antique Weapon Boutique.
  8601 | D:7      | Found a hide-covered altar of Uskayaw.
  8670 | D:7      | Reached skill level 8 in Unarmed Combat
  8937 | D:7      | Reached skill level 5 in Invocations
  9552 | Temple   | Entered the Ecumenical Temple
  9589 | Temple   | Became a worshipper of Ashenzari the Shackled
  9835 | D:8      | Learned a level 4 spell: Ice Form
  9838 | D:8      | Noticed Harold
  9861 | D:8      | Killed Harold
  9862 | D:8      | Reached skill level 5 in Short Blades
  9862 | D:8      | Reached skill level 5 in Long Blades
  9862 | D:8      | Reached skill level 5 in Axes
  9862 | D:8      | Reached skill level 5 in Maces & Flails
  9862 | D:8      | Reached skill level 5 in Polearms
  9862 | D:8      | Reached skill level 5 in Staves
  9862 | D:8      | Reached skill level 5 in Slings
  9862 | D:8      | Reached skill level 5 in Bows
  9862 | D:8      | Reached skill level 5 in Crossbows
  9862 | D:8      | Reached skill level 5 in Throwing
  9862 | D:8      | Reached skill level 5 in Armour
  9862 | D:8      | Reached skill level 5 in Stealth
  9862 | D:8      | Reached skill level 5 in Shields
  9862 | D:8      | Reached skill level 5 in Evocations
  9862 | D:8      | Reached XP level 10. HP: 32/76 MP: 20/20
 10560 | D:8      | Found a burning altar of Makhleb.
 10560 | D:8      | Noticed an Executioner
 11869 | D:9      | Found a staircase to the Orcish Mines.
 11873 | D:9      | Found a roughly hewn altar of Beogh.
 12259 | D:10     | Entered Level 10 of the Dungeon
 12504 | D:10     | Reached XP level 11. HP: 42/83 MP: 22/22
 12784 | D:10     | Identified Cigotuvi's Tome of Darkness and Transformation
 12817 | D:10     | Reached * piety under Ashenzari
 12864 | D:10     | Reached skill level 9 in Unarmed Combat
 12909 | D:10     | Reached skill level 5 in Conjurations
 12909 | D:10     | Reached skill level 5 in Hexes
 12909 | D:10     | Reached skill level 5 in Summonings
 12909 | D:10     | Reached skill level 5 in Necromancy
 12909 | D:10     | Reached skill level 5 in Translocations
 12909 | D:10     | Reached skill level 5 in Fire Magic
 12909 | D:10     | Reached skill level 5 in Ice Magic
 12909 | D:10     | Reached skill level 5 in Air Magic
 12909 | D:10     | Reached skill level 5 in Earth Magic
 12909 | D:10     | Reached skill level 5 in Poison Magic
 13014 | D:10     | Found a staircase to the Lair.
 14229 | D:11     | Noticed a two-headed ogre
 14251 | D:11     | Killed a two-headed ogre
 14329 | Lair:1   | Entered Level 1 of the Lair of Beasts
 14426 | Lair:1   | Noticed a four-headed hydra
 14438 | Lair:1   | Killed a four-headed hydra
 14702 | Lair:1   | Noticed a seven-headed hydra
 14714 | Lair:1   | Killed a seven-headed hydra
 15358 | Lair:1   | Learned a level 5 spell: Blade Hands
 16279 | Lair:2   | Noticed Maggie
 16290 | Lair:2   | Killed Maggie
 16291 | Lair:2   | Reached XP level 12. HP: 45/91 MP: 21/24
 16947 | Lair:2   | Noticed Nergalle
 17094 | Lair:2   | Killed Nergalle
 17926 | Lair:3   | Noticed a death yak
 17971 | Lair:3   | Found a staircase to the Snake Pit.
 18255 | Lair:3   | Reached ** piety under Ashenzari
 18282 | Lair:3   | Noticed a boulder beetle
 18297 | Lair:3   | Killed a boulder beetle
 18324 | Lair:3   | Reached skill level 10 in Unarmed Combat
 18396 | Lair:3   | HP: 3/110 [black mamba (5)]
 18397 | Lair:3   | Slain by a black mamba

Illustrated notes

Levels and vault maps discovered:
D:1:      minmay_arrival_shattered_statue, layout_basic, serial_forest,
          infiniplex_forest_lined_2, infiniplex_forest_corner_2,
          infiniplex_forest_straight_3, infiniplex_forest_lined_room_,
          infiniplex_forest_straight_3, infiniplex_forest_lined_1,
          grunt_decor_cap
D:2:      layout_loops_ring
D:3:      layout_loops_ring, old_standard_altar, lemuel_doored_altar,
          amcnicky_mini_corridor_feature, kennysheep_flooded_box,
          grunt_ministairs_3, minmay_starry_boxes, uniq_ijyb
D:4:      layout_basic, kennysheep_little_box, overflow_temple_1_default,
          uniq_edmund, uniq_robin
D:5:      layout_loops_corners, lemuel_coloured_pillars_altar,
          nicolae_overflow_hidden_temple, fiery_altar_vehumet,
          minmay_temple_entry_hall, hellmonk_ghost_happy_afterlife,
          serial_shops, nicolae_shop_stone, minmay_misc_feat_encased,
          minmay_gold_behind_fungi, grunt_ministairs_10, uniq_eustachio
D:6:      layout_basic, kennysheep_mini, kiku_gazebo_garden_becter,
          old_standard_altar, nicolae_ossuary_entry_plus, serial_shops, shop
D:7:      layout_basic, old_standard_altar, serial_shops, shop
D:8:      layout_loops_ring, makhleb_altar_promises_db, uniq_harold
D:9:      layout_long_grid, minmay_orc_entry_temple_small
D:10:     layout_basic, minmay_lair_entry_grove
D:11:     layout_cave_pools, nicolae_trove_entry_free_sample, kennysheep_potato
Temple:   minmay_temple_curvy_loop
Lair:1:   layout_layer_cave, grunt_megastairs_3
Lair:2:   layout_cave_pods, infiniplex_staircase_pool, lemuel_fruit_tree,
          uniq_nergalle, uniq_maggie
Lair:3:   layout_chaotic_city, minmay_snake_entry_guardpost_small,
          grunt_megastairs_1, uniq_rupert

Skill      XL: |  1  2  3  4  5  6  7  8  9 10 11 12 |
---------------+-------------------------------------+-----
Spellcasting   | 5 6 7 8 9 |  9.1
Invocations    | 1 2 3 4 5 6 7 8 |  8.2
Short Blades   | 1 2 3 5 6 7 |  7.4
Long Blades    | 1 2 3 5 6 7 |  7.4
Axes           | 1 2 3 5 6 7 |  7.4
Maces & Flails | 1 2 3 5 6 7 |  7.4
Polearms       | 1 2 3 5 6 7 |  7.4
Staves         | 1 2 3 5 6 7 |  7.4
Slings         | 1 2 3 5 6 7 |  7.4
Bows           | 1 2 3 5 6 7 |  7.4
Crossbows      | 1 2 3 5 6 7 |  7.4
Throwing       | 1 2 3 5 6 7 |  7.4
Armour         | 1 2 3 5 6 7 |  7.4
Stealth        | 1 2 3 5 6 7 |  7.4
Shields        | 1 2 3 5 6 7 |  7.4
Evocations     | 1 2 3 5 6 7 |  7.4
Conjurations   | 1 2 3 4 5 6 |  6.2
Hexes          | 1 2 3 4 5 6 |  6.2
Summonings     | 1 2 3 4 5 6 |  6.2
Necromancy     | 1 2 3 4 5 6 |  6.2
Translocations | 1 2 3 4 5 6 |  6.2
Fire Magic     | 1 2 3 4 5 6 |  6.2
Ice Magic      | 1 2 3 4 5 6 |  6.2
Air Magic      | 1 2 3 4 5 6 |  6.2
Earth Magic    | 1 2 3 4 5 6 |  6.2
Poison Magic   | 1 2 3 4 5 6 |  6.2
Fighting       | 3 4 5 6 7 8 |  8.0
Transmutations | 4 5 6 7 |  7.3
Dodging        | 5 6 7 8 |  8.8
Unarmed Combat | 7 8 9 10 | 10.0

Action                   |  1- 3 |  4- 6 |  7- 9 | 10-12 || total
-------------------------+-------+-------+-------+-------++-------
Melee: Unarmed           |    96 |   180 |   386 |   546 ||  1208
       Punch             |     2 |       |     1 |       ||     3
       Kick              |     6 |       |       |       ||     6
       Headbutt          |     5 |       |       |       ||     5
       Bite              |     4 |     2 |       |     1 ||     7
 Cast: Beastly Appendage |    11 |       |       |       ||    11
       Spider Form       |     3 |    27 |    50 |    15 ||    95
       Ice Form          |       |       |       |    37 ||    37
       Borgnjor's Vile C |       |       |       |     5 ||     5
       Blade Hands       |       |       |       |     2 ||     2
Invok: Curse Item        |       |       |       |     4 ||     4
Evoke: Wand              |       |       |     2 |     8 ||    10
  Use: Potion            |       |       |     1 |     4 ||     5
       Scroll            |       |       |       |     4 ||     4
 Stab: Sleeping          |     3 |     2 |     4 |    10 ||    19
Armor: Robe              |    14 |     8 |       |       ||    22
       Skin              |       |    14 |    23 |    98 ||   135
       Leather armour    |       |       |     4 |     4 ||     8
       Swamp dragon scal |       |       |       |     1 ||     1
Dodge: Dodged            |    63 |   133 |   319 |   339 ||   854

Table legend: (Time is in decaauts)
 A = Elapsed time spent in this place.
 B = Non-inter-level travel time spent in this place.
 C = Inter-level travel time spent in this place.
 D = Time resting spent in this place.
 E = Time spent auto-exploring this place.
 F = Levels seen in this place.
 G = Mean time per level.
                   A        B        C        D        E       F      G
               +--------+--------+--------+--------+--------+-----+--------+
         Total |  18198 |  17508 |    690 |   3003 |  12049 |  16 | 1137.4 |
       Dungeon |  13728 |  13197 |    531 |   2117 |   9143 |  11 | 1248.0 |
        Temple |     88 |     43 |     45 |      0 |     40 |   1 |   88.0 |
          Lair |   4017 |   3904 |    113 |    878 |   2630 |   3 | 1339.0 |
       Ossuary |    363 |    363 |      0 |      8 |    236 |   1 |  363.0 |
               +--------+--------+--------+--------+--------+-----+--------+

Top non-repeatable levels by time:
    D:10: 1968 daAuts
  Lair:1: 1940 daAuts
     D:5: 1822 daAuts
     D:3: 1662 daAuts
  Lair:2: 1656 daAuts
     D:1: 1315 daAuts
     D:8: 1247 daAuts
     D:9: 1207 daAuts
     D:7: 1186 daAuts
     D:6: 1171 daAuts
     D:4: 1120 daAuts
     D:2: 956 daAuts
  Lair:3: 420 daAuts
 Ossuary: 363 daAuts
  Temple: 88 daAuts
